 Dungeon Crawl Stone Soup version 0.31-a0-263-ge8cad7f256 (webtiles) character file.

Game seed: 3269238598905413495

5681 Newt the Cleaver (level 10, -2/77 HPs)
             Began as a Demonspawn Gladiator on July 14, 2023.
             Slain by a troll (4 damage)
             ... on level 9 of the Dungeon.
             The game lasted 00:09:44 (7476 turns).

Newt the Cleaver (Demonspawn Gladiator)             Turns: 7476, Time: 00:09:45

Health: -2/77      AC:  7    Str: 18    XL:     10   Next: 47%
Magic:  3/3        EV: 17    Int: 11    God:
Gold:   432        SH:  0    Dex: 16    Spells: 9/9 levels left

rFire   . . .        i - +8 Wrath of Trog {antimagic, *Rage Rampage}
rCold   . . .        (shield currently unavailable)
rNeg    . . .        b - +0 leather armour
rPois   .            (helmet unavailable)
rElec   .            y - +2 cloak
rCorr   +            (no gloves)
SInv    +            k - +0 pair of boots
Will    .....        (no amulet)
Stlth   ++           h - ring of resist corrosion
HPRegen 0.32/turn    v - +5 ring of evasion
MPRegen 0.08/turn

%: random rage (50%), rampage
@: on berserk cooldown
A: antennae 3, thin skeletal structure 1, spiny 2
a: no special abilities


You were on level 9 of the Dungeon.
You visited 1 branch of the dungeon, and saw 8 of its levels.
You also visited: Bailey.

You collected 432 gold pieces.

Inventory:

Hand Weapons
 a - a +0 rapier
 d - a +0 flail of freezing
 i - the +8 Wrath of Trog (weapon) {antimagic, *Rage Rampage}
   (You found it in a bailey)

   It causes slowness and exhaustion when equipped.
   It extends the wielder's berserk rage when killing foes.
   *Rage:     It berserks you when you make melee attacks (+50% chance).
   Rampage:   It bestows one free step when moving towards enemies.
Missiles
 e - 4 javelins
 f - 5 atropa-tipped darts
 j - a throwing net
 u - 5 poisoned darts (quivered)
 E - 3 boomerangs
Armour
 b - a +0 leather armour (worn)
 c - a +0 helmet
 k - a +0 pair of boots (worn)
 y - a +2 cloak (worn)
Jewellery
 h - a ring of resist corrosion (left hand)
 l - a ring of flight
 v - a +5 ring of evasion (right hand)
 x - a ring of poison resistance
Wands
 s - a wand of digging (7)
 t - a wand of charming (13)
 w - a wand of iceblast (10)
 A - a wand of polymorph (8)
Scrolls
 g - 3 scrolls of teleportation
 o - a scroll of revelation
 C - 2 scrolls of enchant armour
Potions
 m - 2 potions of degeneration
 n - 3 potions of might
 p - 2 potions of mutation
 q - 3 potions of attraction
 r - 2 potions of brilliance
 z - a potion of resistance
 D - a potion of curing {unknown}


   Skills:
 - Level 6.8 Fighting
 - Level 2.6 Short Blades
 + Level 9.0(9.8) Axes
 - Level 6.0(8.3) Maces & Flails
 - Level 4.0 Throwing
 - Level 4.0 Armour
 - Level 2.6 Dodging
 - Level 5.0 Evocations


You had 9 spell levels left.
You didn't know any spells.
Your spell library was empty.

Dungeon Overview and Level Annotations

Branches:
Dungeon (9/15)             Bailey (visited)
 Temple: D:4-7         Lair: D:8-11         Orc: D:9-12

Altars:
Kikubaaqudgha
Nemelex Xobeh
Sif Muna
Trog
Yredelemnul
Jiyva

Shops:
D:2 [   D:7 =


Innate Abilities, Weirdness & Mutations

You have a pair of large antennae on your head. (SInv)
You have a somewhat thin skeletal structure. (Dex +2, Stealth+)
You are mostly covered in sharp spines.


Message History

You hit the yak. You slash the yak! The yak is struck by your spines.
You kill the yak!
The yak gores you. The yak is struck by your spines.
You kill the yak!
The yak is struck by your spines. The yak barely misses you.
You hit the yak.
The yak is heavily wounded.
The yak is struck by your spines. The yak gores you.
The yak is struck by your spines. The yak misses you.
Unknown command.
You slash the troll!
The troll is moderately wounded.
You barely miss the yak. The yak is struck by your spines. The yak gores you!
* * * LOW HITPOINT WARNING * * *
The troll is struck by your spines. The troll barely misses you.
The troll misses you. The troll claws you!
* * * LOW HITPOINT WARNING * * *
You closely miss the troll.
The troll is moderately wounded.
You slash the yak!
You kill the yak!
You feel yourself speed up. The troll misses you. The troll claws you.
* * * LOW HITPOINT WARNING * * *
The troll completely misses you. The troll is struck by your spines.
The troll bites you but does no damage. The troll completely misses you.
The troll claws you but does no damage.
Your Axes skill increases to level 9!
You barely miss the troll.
The troll is heavily wounded.
The troll is struck by your spines. The troll misses you.
The troll claws you but does no damage. The troll closely misses you.
Unknown command.
You closely miss the troll.
The troll is heavily wounded.
The troll closely misses you. The troll claws you but does no damage.
The troll claws you.
* * * LOW HITPOINT WARNING * * *
The troll bites you.
You die...

##.#.......
..........
..........
###........#
#....)......
###.........#
#.##........#.
##.#..#.†..<...
###.....#@T......
#....####††......
#....# ##.......
##....##.. .......
##...........##....
#....##..##... #...
##.).## ..# .. ...
#<.).# .... ... ..
##...........


You could see a troll.

Vanquished Creatures
  A two-headed ogre (Bailey)
  Erica (D:8)
  Psyche (D:8)
  Prince Ribbit (D:8)
  Sigmund (D:2)
  2 spriggans (Bailey)
  4 yaks (D:9)
  2 steam dragons
  An orc warrior (D:7)
  An ice beast (D:7)
  A black bear (D:4)
  7 ogres
  2 centaurs (D:8)
  A scorpion (D:5)
  5 bullfrogs
  13 wights
  A hound (D:5)
  6 jellies
  4 orc priests
  A sleepcap (D:5)
  An iguana (D:7)
  2 orc wizards
  A gnoll (D:1)
  4 adders
  A white imp (D:7)
  A worm (D:4)
  5 dart slugs
  16 orcs
  8 ball pythons
  2 giant cockroaches
  10 goblins
  6 hobgoblins
  10 kobolds
  3 quokkas
  6 bats
  2 frilled lizards
  A rat (D:1)
135 creatures vanquished.

Vanquished Creatures (collateral kills)
  A spriggan (Bailey)
1 creature vanquished.

Vanquished Creatures (others)
  An ogre (Bailey)
1 creature vanquished.

Grand Total: 137 creatures vanquished

Notes
Turn   | Place    | Note
-------+----------+-------------------------------------------
     0 | D:1      | Newt the Demonspawn Gladiator began the quest for the Orb.
     0 | D:1      | Reached XP level 1. HP: 16/16 MP: 1/1
   242 | D:1      | Gained mutation: You have a pair of small antennae on your
                  | head. [demonic ancestry]
   242 | D:1      | Reached XP level 2. HP: 15/24 MP: 2/2
   401 | D:1      | Reached XP level 3. HP: 29/29 MP: 3/3
  1089 | D:2      | Found Fidoxo's Armour Shoppe.
  1352 | D:2      | Reached skill level 1 in Maces & Flails
  1408 | D:2      | Found a faded altar of an unknown god.
  1411 | D:2      | Noticed Sigmund
  1425 | D:2      | Killed Sigmund
  1426 | D:2      | Gained mutation: You have a pair of antennae on your head.
                  | [demonic ancestry]
  1426 | D:2      | Reached XP level 4. HP: 9/37 MP: 4/4
  1426 | D:2      | Gained mutation: You have a pair of large antennae on your
                  | head. (SInv) [demonic ancestry]
  1426 | D:2      | Reached XP level 5. HP: 10/42 MP: 5/5
  3211 | D:4      | Noticed a black bear
  3222 | D:4      | Killed a black bear
  3223 | D:4      | Gained mutation: You are partially covered in sharp spines.
                  | [demonic ancestry]
  3223 | D:4      | Reached XP level 6. HP: 16/48 MP: 6/6
  3574 | D:4      | Reached skill level 5 in Maces & Flails
  4245 | D:5      | Entered Level 5 of the Dungeon
  4279 | D:5      | Reached XP level 7. HP: 50/54 MP: 7/7
  4326 | D:5      | You fall into a shaft and drop 3 floors!
  4332 | D:7      | Found a flagged portal.
  4344 | D:7      | Reached skill level 1 in Armour
  4383 | Bailey   | Entered a bailey
  4411 | Bailey   | Noticed a spriggan
  4421 | Bailey   | Killed a spriggan
  4453 | Bailey   | Gained mutation: You are mostly covered in sharp spines.
                  | [demonic ancestry]
  4453 | Bailey   | Reached XP level 8. HP: 13/60 MP: 8/8
  4454 | Bailey   | Reached skill level 1 in Evocations
  5095 | Bailey   | Noticed a two-headed ogre
  5113 | Bailey   | Killed a two-headed ogre
  5114 | Bailey   | Reached skill level 5 in Evocations
  5114 | Bailey   | Gained mutation: You have a somewhat thin skeletal
                  | structure. (Dex +2, Stealth+) [demonic ancestry]
  5114 | Bailey   | Reached XP level 9. HP: 19/70 MP: 9/9
  5297 | Bailey   | Found the +8 Wrath of Trog {antimagic, *Rage Rampage}
  5408 | D:7      | Reached skill level 1 in Axes
  5415 | D:7      | Found Xyxoroh's Jewellery Shoppe.
  5509 | D:7      | Reached skill level 2 in Axes
  5588 | D:7      | Reached skill level 3 in Axes
  5712 | D:7      | Found an ancient bone altar of Kikubaaqudgha.
  5887 | D:7      | Found a sparkling altar of Nemelex Xobeh.
  6138 | D:8      | Reached skill level 4 in Axes
  6319 | D:8      | Reached skill level 5 in Axes
  6327 | D:8      | Reached skill level 6 in Axes
  6451 | D:8      | Noticed Erica
  6455 | D:8      | Killed Erica
  6456 | D:8      | Reached skill level 7 in Axes
  6456 | D:8      | Reached XP level 10. HP: 77/77 MP: 3/10
  6587 | D:8      | Noticed Prince Ribbit
  6596 | D:8      | Killed Prince Ribbit
  6641 | D:8      | Found a viscous altar of Jiyva.
  7006 | D:8      | Noticed Psyche
  7010 | D:8      | Killed Psyche
  7011 | D:8      | Reached skill level 8 in Axes
  7208 | D:8      | Found a basalt altar of Yredelemnul.
  7208 | D:8      | Found a bloodstained altar of Trog.
  7210 | D:8      | Found a shimmering blue altar of Sif Muna.
  7474 | D:9      | HP: 3/77 [troll (4)]
  7475 | D:9      | Reached skill level 9 in Axes
  7476 | D:9      | Slain by a troll

Illustrated notes

Levels and vault maps discovered:
D:1:      minmay_arrival_jagged, layout_basic
D:2:      layout_rooms, serial_shops, shop, shapermc_ecumenical_altar_ellora,
          serial_rivers, chequers_serial_rivers_micro_b,
          chequers_serial_rivers_small_a, chequers_serial_rivers_small_b,
          chequers_serial_rivers_room_a, chequers_serial_rivers_room_a,
          uniq_sigmund
D:3:      layout_basic, serial_park_tiny_pond
D:4:      layout_basic
D:5:      layout_gridville, zin_statuary, uniq_duvessa
D:7:      layout_basic, kiku_gazebo_garden_becter, nemelex_altar_shiori,
          serial_shops, shop, enter_bailey_2, grunt_decor_fettered,
          chequers_serial_rivers_marsh
D:8:      layout_basic, grunt_temple_overflow_open, jiyva_altar_1,
          uniq_prince_ribbit1, uniq_erica, uniq_psyche
D:9:      layout_cave_pools, nicolae_hepliaklqana_hippocampus, nzn_ghost_randoct

Skill      XL: |  1  2  3  4  5  6  7  8  9 10 |
---------------+-------------------------------+-----
Fighting       | 3 4 6 |  6.8
Maces & Flails | 4 5 6 |  6.0
Armour         | 4 |  4.0
Throwing       | 3 4 |  4.0
Evocations     | 5 |  5.0
Axes           | 7 9 |  9.0
Short Blades   | |  2.6
Dodging        | |  2.6

Action                     |  1- 3 |  4- 6 |  7- 9 | 10-12 || total
---------------------------+-------+-------+-------+-------++-------
  Melee: Rapier            |    40 |       |       |       ||    40
         Punch             |     2 |     2 |     1 |       ||     5
         Flail             |   100 |    91 |    44 |       ||   235
         Battleaxe         |       |       |    42 |    33 ||    75
  Throw: Throwing net      |     4 |       |     2 |       ||     6
         Dart              |     1 |     4 |    10 |       ||    15
         Javelin           |       |       |     1 |       ||     1
  Evoke: Wand              |       |       |     9 |       ||     9
    Use: Scroll            |     6 |     4 |     7 |       ||    17
         Potion            |     2 |     1 |     2 |     1 ||     6
   Stab: Held in net/web   |     1 |       |     1 |       ||     2
         Sleeping          |       |       |     2 |     1 ||     3
 Armour: Leather armour    |    57 |    29 |     8 |    11 ||   105
  Dodge: Dodged            |   122 |    71 |    66 |    32 ||   291

Table legend: (Time is in decaauts)
 A = Elapsed time spent in this place.
 B = Non-inter-level travel time spent in this place.
 C = Inter-level travel time spent in this place.
 D = Time resting spent in this place.
 E = Time spent auto-exploring this place.
 F = Levels seen in this place.
 G = Mean time per level.
                   A        B        C        D        E       F      G
               +--------+--------+--------+--------+--------+-----+--------+
         Total |   7715 |   7185 |    530 |   1684 |   4394 |   9 |  857.2 |
       Dungeon |   6730 |   6200 |    530 |    983 |   4255 |   8 |  841.2 |
        Bailey |    984 |    984 |      0 |    701 |    138 |   1 |  984.0 |
               +--------+--------+--------+--------+--------+-----+--------+

Top non-repeatable levels by time:
     D:8: 1280 daAuts
     D:3: 1204 daAuts
     D:1: 1062 daAuts
     D:4: 1045 daAuts
     D:7: 1020 daAuts
     D:2: 991 daAuts
  Bailey: 984 daAuts
     D:5: 82 daAuts
     D:9: 43 daAuts
